 Dungeon Crawl Stone Soup version 0.29.1-2-gbd0b4ee654 (webtiles) character file.

Game seed: 14061291936180506392

11524 Lutefisk the Cleaver (level 11, -2/104 HPs)
             Began as a Hill Orc Monk on Nov 12, 2022.
             Was an Elder of Beogh.
             Slain by a death yak (21 damage)
             ... on level 2 of the Lair of Beasts.
             The game lasted 00:41:57 (8781 turns).

Lutefisk the Cleaver (Hill Orc Monk)                Turns: 8781, Time: 00:41:58

Health: -2/104     AC: 18    Str: 19    XL:     11   Next: 79%
Magic:  24/24      EV: 12    Int:  6    God:    Beogh [****..]
Gold:   720        SH:  0    Dex: 13    Spells: 10/10 levels left

rFire   + . .      SeeInvis .   E - +0 battleaxe
rCold   + + .      Faith    .   (shield currently unavailable)
rNeg    . . .      Spirit   .   F - +0 scale mail
rPois   .          Reflect  .   O - +2 hat {Will+}
rElec   .          Harm     .   U - +2 cloak
rCorr   .          Rampage  .   S - +0 pair of gloves
Will    +....                   X - +1 pair of boots of Unambiguity {rC++ MP+9 Int-4}
Stlth   ..........              x - amulet of regeneration
HPRegen 1.07/turn               y - ring of protection from cold
MPRegen 0.19/turn               q - ring of fire

@: hasted, invisible, very quick
A: no striking features
a: Renounce Religion, Smiting, Recall Orcish Followers


You were on level 2 of the Lair of Beasts.
You worshipped Beogh.
Beogh was greatly pleased with you.
You visited 2 branches of the dungeon, and saw 12 of its levels.
You also visited: Ossuary and Gauntlet.

You collected 720 gold pieces.

Inventory:

Hand Weapons
 i - a +0 war axe
 s - a +0 scimitar of flaming
 E - a +0 battleaxe (weapon)
 R - the +5 spear of Purpose {speed, rF++ Str-2 Int+5}
   (You found it on level 1 of the Lair of Beasts)

   Attacks with this weapon are significantly faster.
   Str:       It affects your strength (-2).
   Int:       It affects your intelligence (+5).
   rF:        It greatly protects you from fire.
Missiles
 p - a poisoned dart (quivered)
 u - 11 boomerangs
 J - 2 atropa-tipped darts
Armour
 o - a +0 crystal plate armour
 F - a +0 scale mail (worn)
 O - a +2 hat of willpower (worn)
 S - a +0 pair of gloves (worn)
 U - a +2 cloak (worn)
 W - the +3 robe of Clouds {*Thunder rCloud rElec}
   (You found it in a Gauntlet)

   It occasionally creates storm clouds above nearby enemies.
   It grants its wearer immunity to clouds.
   rElec:     It insulates you from electricity.
 X - the +1 pair of boots of Unambiguity (worn) {rC++ MP+9 Int-4}
   (You found it in a Gauntlet)

   Int:       It affects your intelligence (-4).
   rC:        It greatly protects you from cold.
   MP:        It affects your magic capacity (+9).
Magical Staves
 A - a staff of cold
Jewellery
 q - a ring of fire (right hand)
 x - an amulet of regeneration (around neck)
 y - a ring of protection from cold (left hand)
 I - a ring of flight
 V - a ring of magical power
Wands
 a - a wand of flame (8)
 m - a wand of acid (11)
 t - a wand of paralysis (2)
 v - a wand of iceblast (8)
 K - a wand of mindburst (5)
 M - a wand of digging (4)
Scrolls
 d - 2 scrolls of blinking
 f - 2 scrolls of teleportation
 j - 2 scrolls of amnesia
 k - a scroll of fear {unknown}
 r - 2 scrolls of brand weapon
 w - 3 scrolls of vulnerability
 C - 4 scrolls of enchant armour
 G - a scroll of immolation {unknown}
 P - a scroll of summoning {unknown}
 Q - a scroll of enchant weapon {unknown}
Potions
 b - 2 potions of magic
 c - 2 potions of ambrosia
 e - 4 potions of resistance
 g - a potion of might {unknown}
 h - 3 potions of curing
 l - a potion of haste
 n - 3 potions of brilliance
 z - a potion of flight
 H - a potion of degeneration {unknown}
 N - a potion of mutation {unknown}
 T - a potion of cancellation {unknown}
Miscellaneous
 D - a phantom mirror


   Skills:
 - Level 12.0 Fighting
 - Level 12.0 Axes
 - Level 12.0 Armour
 - Level 5.0 Dodging
 - Level 1.5 Stealth
 * Level 6.5 Invocations


You had 10 spell levels left.
You didn't know any spells.
Your spell library contained the following spells:

 Spells                   Type           Power      Damage    Failure   Level
 Apportation              Tloc           0%         N/A       75%         1
 Sandblast                Erth           0%         2d4       75%         1
 Summon Small Mammal      Summ           0%         N/A       75%         1
 Passwall                 Tmut/Erth      0%         N/A       87%         2
 Call Canine Familiar     Summ           0%         N/A       98%         3
 Conjure Flame            Conj/Fire      0%         6-21      98%         3
 Dazzling Flash           Conj/Hex       0%         N/A       98%         3
 Ignite Poison            Fire/Tmut/Pois 0%         N/A       98%         3
 Stone Arrow              Conj/Erth      0%         3d7       98%         3
 Summon Guardian Golem    Hex/Summ       0%         N/A       98%         3
 Anguish                  Hex/Necr       0%         N/A       100%        4
 Sticky Flame             Conj/Fire      0%         2d3       100%        4
 Agony                    Necr           0%         N/A       100%        5
 Alistair's Intoxication  Tmut/Pois      0%         N/A       100%        5
 Fireball                 Conj/Fire      0%         3d3       100%        5
 Iskenderun's Battlesphe  Conj           0%         2d6       100%        5
 Silence                  Hex/Air        0%         N/A       100%        5
 Conjure Ball Lightning   Conj/Air       0%         3x3d6     100%        6
 Enfeeble                 Hex            0%         N/A       100%        7
 Orb of Destruction       Conj           0%         9d5       100%        7


Dungeon Overview and Level Annotations

Branches:
Dungeon (10/15)            Temple (0/1) D:4            Lair (2/5) D:10
  Swamp (0/4) Lair:2      Ossuary (visited)         Gauntlet (visited)
  Snake: Lair:2-3    Spider: Lair:2-3       Orc: D:9-12

Altars:
Elyvilon
Gozag
Makhleb
Nemelex Xobeh
Qazlal
Ru
Xom
Yredelemnul
Zin
Beogh


Message History

The minotaur hits you with a staff of air.
You are electrocuted!
The minotaur gores you but does no damage.
Press: ? - help, v - describe, . - travel
Here: a minotaur, wielding a staff of air, wearing a +0 chain mail, wearing the ring "Zegad" {+Blink Dex+4 SInv} and quivering javelins (lightly wounded)
An open door.
You hit the minotaur.
The minotaur is lightly wounded.
Blink to where?
Press: ? - help, Dir - move target, f - minotaur
Aim: a minotaur, wielding a staff of air, wearing a +0 chain mail, wearing the ring "Zegad" {+Blink Dex+4 SInv} and quivering javelins (lightly wounded)
Okay, then.
Press: ? - help, v - describe, . - travel, g - get item
Items here: a dyed leather armour; the Octavo of Forms and Attacks; an elf skeleton.
The floor, spattered with blood.
Unknown command.
Press: ? - help, v - describe, . - travel
Here: a minotaur, wielding a staff of air, wearing a +0 chain mail, wearing the ring "Zegad" {+Blink Dex+4 SInv} and quivering javelins (lightly wounded)
An open door.
Blink to where?
Press: ? - help, Dir - move target
Found a ring of protection from cold and an embroidered cloak.
Found a gate leading back out of this place.
As you read the scroll of blinking, it crumbles to dust.
The minotaur wields a +3 arbalest of freezing.
It is covered in frost.
The minotaur shoots a bolt.
The bolt hits you but does no damage.
Press: ? - help, v - describe, . - travel, g - get item
Items here: a ring of protection from cold; a ring of fire; an octopode corpse.
The floor, spattered with blood.
The minotaur shoots a bolt.
The bolt hits you!! The bolt freezes you.
There is a gate leading back out of this place here.
The minotaur shoots a bolt.
The bolt hits you!
* * * LOW HITPOINT WARNING * * *
The bolt freezes you.
* * * LOW HITPOINT WARNING * * *
Welcome back to the Lair of Beasts!
The yak bellows! x2; You hear a bellow!
The death yak gores you!!
You die...

.o........ ####.......#
#..###!.§..~~~..
...........# .### P##Yn♣~~~.
###......## #.# # ~~Y§~.
####.### ### # ~~§~. #..# ##
#. ♣♣~Y. ##.## .# #P. .....
#P.# ## ?.##.##Y#### #..##
### # #.......@.o## ##..#
..##.####.#..####...# #..##
.............#.#.#.## #...#
..###..#.........#.P# ##..##
.## #...^.....#....## ##..##
..# ..P#P.#......#.# #...#
.## #..#....#..##..## ##..##
(####.###<..#...##÷.####P.P#
.......##......P...#.##...##


You could see a death yak (unable to see you), a bog body (unable to see you), 3
yaks and a friendly orc.

Vanquished Creatures
  A great orb of eyes (Gauntlet)
  A boulder beetle (Lair:2)
  Erica (D:9)
  A death yak (Lair:2)
  A two-headed ogre (D:8)
  A wizard (Gauntlet)
  An ugly thing (Gauntlet)
  A manticore (D:10)
  A cane toad (Lair:2)
  A hornet (D:9)
  2 blink frogs (Lair:2)
  3 wyverns
  3 yaks
  A steam dragon (D:7)
  4 small abominations (Gauntlet)
  2 water moccasins (D:10)
  3 ice beasts (D:6)
  A sky beast (D:7)
  2 centaurs
  A phantom (D:5)
  An elf zombie (Ossuary)
  3 bullfrogs
  2 scorpions
  2 gnoll sergeants
  7 wights
  6 killer bees
  A howler monkey (D:9)
  2 hounds (D:5)
  2 human zombies (Ossuary)
  3 orc priests
  6 iguanas
  7 orc wizards
  2 mummies (Ossuary)
  3 gnolls (D:8)
  3 adders
  2 shadow imps (D:5)
  3 white imps
  An ufetubus (D:4)
  2 adder zombies (Ossuary)
  2 worms (D:3)
  A dart slug (D:5)
  17 orcs
  4 bats
  9 endoplasms
  2 giant cockroaches
  3 goblins
  6 hobgoblins
  12 jackals
  3 quokkas
  4 ball pythons
  2 frilled lizards (D:2)
  3 goblin zombies (Ossuary)
  9 hobgoblin zombies (Ossuary)
  A jackal zombie (Ossuary)
  3 kobolds
  10 kobold zombies (Ossuary)
  6 orc zombies (Ossuary)
  4 rats
  3 rat zombies (Ossuary)
194 creatures vanquished.

Vanquished Creatures (collateral kills)
  Gastronok (D:9)
  2 two-headed ogres (D:10)
  A cane toad (Lair:2)
  2 blink frogs (Lair:2)
  A hornet (D:9)
  4 yaks
  2 wyverns
  A basilisk (D:10)
  2 water moccasins (D:10)
  3 acid dragons (D:10)
  An orc warrior (D:9)
  A bullfrog (Lair:1)
  2 wights (D:9)
  7 killer bees
  An electric eel (Lair:2)
  An orc priest (D:9)
  2 orc wizards (D:10)
  14 orcs
48 creatures vanquished.

Vanquished Creatures (others)
  An orc knight (Lair:2)
  An orc priest (Lair:2)
  2 orc warriors
  An orc wizard (D:9)
  26 orcs
  2 demonic plants (Gauntlet)
  10 fungi
  37 plants
80 creatures vanquished.

Grand Total: 322 creatures vanquished

Notes
Turn   | Place    | Note
-------+----------+-------------------------------------------
     0 | D:1      | Lutefisk the Hill Orc Monk began the quest for the Orb.
     0 | D:1      | Reached XP level 1. HP: 19/19 MP: 1/1
    50 | D:1      | Found a faded altar of an unknown god.
    78 | D:1      | Reached XP level 2. HP: 14/27 MP: 2/2
   634 | D:2      | Reached XP level 3. HP: 20/34 MP: 3/3
   812 | D:2      | Reached skill level 5 in Axes
   946 | D:3      | Reached XP level 4. HP: 41/41 MP: 4/4
   954 | D:3      | Reached skill level 5 in Fighting
   975 | D:3      | Found a shimmering altar of Xom.
  1003 | D:3      | Found a white marble altar of Elyvilon.
  1071 | D:3      | Reached XP level 5. HP: 38/48 MP: 5/5
  1512 | D:4      | Became a worshipper of Beogh the Brigand
  1512 | D:4      | Reached * piety under Beogh
  1512 | D:4      | Reached ** piety under Beogh
  2119 | D:4      | Found a staircase to the Ecumenical Temple.
  2222 | D:5      | Entered Level 5 of the Dungeon
  2228 | D:5      | Reached skill level 1 in Armour
  2272 | D:5      | Reached XP level 6. HP: 44/57 MP: 6/6
  2285 | D:5      | Found a basalt altar of Yredelemnul.
  2285 | D:5      | Found a burning altar of Makhleb.
  2317 | D:5      | Found a stormy altar of Qazlal.
  2440 | D:5      | Reached skill level 1 in Invocations
  2593 | D:5      | Found a sparkling altar of Nemelex Xobeh.
  2629 | D:5      | Reached XP level 7. HP: 42/63 MP: 7/9
  3343 | D:7      | Noticed a steam dragon
  3395 | D:6      | Found a glowing silver altar of Zin.
  3717 | D:7      | Found a sand-covered staircase.
  3722 | Ossuary  | Entered an ossuary
  3758 | Ossuary  | Reached *** piety under Beogh
  3784 | Ossuary  | Reached XP level 8. HP: 57/57 MP: 10/10
  4259 | D:7      | Reached skill level 5 in Armour
  4454 | D:8      | Noticed a two-headed ogre
  4546 | D:9      | Noticed a wraith
  5630 | D:7      | Reached XP level 9. HP: 79/81 MP: 12/12
  5700 | D:8      | Found an opulent altar of Gozag.
  5748 | D:8      | Killed a two-headed ogre
  5749 | D:8      | Reached skill level 10 in Axes
  5814 | D:8      | Reached skill level 10 in Fighting
  5830 | D:8      | Found a sacrificial altar of Ru.
  6198 | D:8      | Reached **** piety under Beogh
  6643 | D:9      | Noticed Gastronok
  6785 | D:9      | Noticed a hornet
  6800 | D:9      | Killed a hornet
  6826 | D:9      | Found a roughly hewn altar of Beogh.
  6902 | D:9      | Reached skill level 5 in Invocations
  7003 | D:9      | Noticed a hornet
  7018 | D:9      | Killed a hornet
  7019 | D:9      | Reached XP level 10. HP: 28/93 MP: 13/13
  7221 | D:9      | Noticed Erica
  7232 | D:9      | Killed Erica
  7333 | D:9      | Killed Gastronok
  7425 | D:10     | Entered Level 10 of the Dungeon
  7455 | D:10     | Noticed a two-headed ogre
  7457 | D:10     | Noticed a two-headed ogre
  7461 | D:10     | Was placed under penance by Beogh
  7468 | D:10     | Killed a two-headed ogre
  7473 | D:10     | Killed a two-headed ogre
  7474 | D:10     | Reached skill level 10 in Armour
  7477 | D:10     | Noticed a manticore
  7480 | D:10     | Killed a manticore
  7659 | D:10     | Reached XP level 11. HP: 72/104 MP: 14/14
  7659 | D:10     | Was forgiven by Beogh
  7667 | D:10     | Found a staircase to the Lair.
  7679 | Lair:1   | Entered Level 1 of the Lair of Beasts
  7707 | Lair:1   | Identified the +5 spear of Purpose {speed, rF++ Str-2
                  | Int+5}
  7939 | Lair:2   | Gained Zorug as an ally
  7960 | Lair:2   | Noticed a death yak
  7961 | Lair:2   | Noticed a death yak
  7962 | Lair:2   | Noticed a death yak
  7967 | Lair:2   | Noticed a death yak
  7968 | Lair:2   | Killed a death yak
  7968 | Lair:2   | Noticed a death yak
  7969 | Lair:2   | Noticed a death yak
  7984 | Lair:2   | Noticed a boulder beetle
  8012 | Lair:2   | Killed a boulder beetle
  8031 | Lair:2   | Your ally Zorug died
  8216 | Lair:2   | Found a gate leading to a gauntlet.
  8216 | Lair:2   | Found a staircase to the Swamp.
  8217 | Lair:2   | Noticed a bog body
  8219 | Gauntlet | Entered a Gauntlet
  8219 | Gauntlet | Found a transporter.
  8227 | Gauntlet | Found a transporter.
  8227 | Gauntlet | Noticed a wizard
  8227 | Gauntlet | Found the +3 robe of Clouds {*Thunder rCloud rElec}
  8229 | Gauntlet | Found a transporter.
  8238 | Gauntlet | Found a transporter.
  8253 | Gauntlet | Found a transporter.
  8258 | Gauntlet | Found a transporter.
  8259 | Gauntlet | Noticed a red ugly thing
  8263 | Gauntlet | Noticed a great orb of eyes
  8283 | Gauntlet | Found a transporter.
  8298 | Gauntlet | Noticed a catoblepas
  8302 | Gauntlet | Found a transporter.
  8314 | Gauntlet | Found a transporter.
  8314 | Gauntlet | Noticed a red ugly thing
  8316 | Gauntlet | Noticed a great orb of eyes
  8322 | Gauntlet | Found a large runed translucent door.
  8323 | Gauntlet | Found a large runed translucent door.
  8324 | Gauntlet | Found a large runed translucent door.
  8324 | Gauntlet | Found a large runed translucent door.
  8325 | Gauntlet | Found a runed translucent gate.
  8326 | Gauntlet | Found a transporter.
  8326 | Gauntlet | Found a runed translucent gate.
  8327 | Gauntlet | Found a runed translucent gate.
  8328 | Gauntlet | Found a large runed translucent door.
  8328 | Gauntlet | Found a large runed translucent door.
  8329 | Gauntlet | Found a large runed translucent door.
  8330 | Gauntlet | Found a large runed translucent door.
  8339 | Gauntlet | Noticed a fire crab
  8341 | Gauntlet | Found a transporter.
  8341 | Gauntlet | Noticed an ice dragon
  8342 | Gauntlet | Noticed an eight-headed hydra
  8342 | Gauntlet | an ice dragon changed into an eight-headed hydra
  8343 | Gauntlet | Noticed an ettin
  8343 | Gauntlet | an eight-headed hydra changed into an ettin
  8350 | Gauntlet | Found a transporter.
  8351 | Gauntlet | an ettin changed into a tyrant leech
  8354 | Gauntlet | Noticed a death drake
  8355 | Gauntlet | Noticed a wolf spider
  8355 | Gauntlet | a tyrant leech changed into a wolf spider
  8356 | Gauntlet | Noticed a shock serpent
  8356 | Gauntlet | a wolf spider changed into a shock serpent
  8367 | Gauntlet | Found a transporter.
  8384 | Gauntlet | Found a transporter.
  8386 | Gauntlet | Found a transporter.
  8422 | Gauntlet | Killed a wizard
  8433 | Gauntlet | Found a transporter.
  8436 | Gauntlet | Found a large runed translucent door.
  8436 | Gauntlet | Found a large runed translucent door.
  8439 | Gauntlet | Found a transporter.
  8441 | Gauntlet | Found a large runed translucent door.
  8441 | Gauntlet | Found a large runed translucent door.
  8441 | Gauntlet | Found a runed translucent door.
  8441 | Gauntlet | Found a runed translucent door.
  8442 | Gauntlet | Found a large runed translucent door.
  8442 | Gauntlet | Found a large runed translucent door.
  8443 | Gauntlet | Found a large runed translucent door.
  8444 | Gauntlet | Found a transporter.
  8444 | Gauntlet | Found a large runed translucent door.
  8616 | Gauntlet | Killed a red ugly thing
  8617 | Gauntlet | Reached skill level 5 in Dodging
  8658 | Gauntlet | Paralysed by a great orb of eyes for 2 turns
  8667 | Gauntlet | Killed a great orb of eyes
  8674 | Gauntlet | Identified the +1 pair of boots of Unambiguity {rC++ MP+9
                  | Int-4}
  8763 | Gauntlet | Identified the ring "Zegad" {+Blink Dex+4 SInv}
  8763 | Gauntlet | Noticed a minotaur
  8781 | Lair:2   | Slain by a death yak

Illustrated notes

Levels and vault maps discovered:
D:1:      onia_arrival_pentagram, layout_basic,
          shapermc_ecumenical_altar_acropolis, chequers_big_river, st_stairs_11,
          dk_noncrumbling_4
D:2:      layout_basic
D:3:      layout_basic, mainiacjoe_overflow_tiny_flanked, amcnicky_altar_gilded,
          minivault_4
D:4:      layout_basic, minmay_temple_entry_grid
D:5:      layout_gridville, mainiacjoe_overflow_brackets,
          nemelex_xobeh_ov_fountains_minmay, mainiacjoe_overflow_alcove_4,
          nicolae_overflow_two_pavilions, corexii_corridor_pit,
          grunt_decor_junction, serial_park_tiny_pond
D:6:      layout_cave_pods, nicolae_overflow_crystal_walls,
          lemuel_coloured_pillars_altar
D:7:      layout_cave_pods, enter_ossuary_5, patterned_corridor
D:8:      layout_layer_cave, mainiacjoe_overflow_concentric_impassable,
          nicolae_ru_awakened_eye, chequers_mini_garden, nicolae_water_bricks
D:9:      layout_roguey [special_room_orc], grunt_ministairs_10, uniq_gastronok,
          uniq_erica
D:10:     layout_cave_pools, nicolae_uskayaw_dance_studio, lemuel_tele_altar,
          minmay_lair_entry_grove, glass_columns_b, minmay_starry_boxes
Lair:1:   layout_layer_cave, ebering_ghost_funeral_grove, nzn_random_ring,
          lemuel_fruit_fields, lemuel_fruit_tree
Lair:2:   layout_loops_ring, skrybe_swamp_entry_bodies, gauntlet_entry_generic,
          serial_bayou_shore_a

Skill      XL: |  1  2  3  4  5  6  7  8  9 10 11 |
---------------+----------------------------------+-----
Fighting       | 4 5 6 7 8 10 12 | 12.0
Axes           | 5 6 8 9 10 12 | 12.0
Armour         | 2 4 6 8 10 12 | 12.0
Invocations    | 3 4 5 6 |  6.5
Dodging        | 3 5 |  5.0
Stealth        | |  1.5

Action                   |  1- 3 |  4- 6 |  7- 9 | 10-12 || total
-------------------------+-------+-------+-------+-------++-------
Melee: Hand axe          |    81 |       |       |       ||    81
       Punch             |     1 |     2 |     5 |       ||     8
       War axe           |    12 |   123 |   251 |       ||   386
       Battleaxe         |       |       |    64 |   137 ||   201
Throw: Dart              |       |     3 |    11 |     8 ||    22
       Boomerang         |       |       |     7 |       ||     7
Invok: Convert to Beogh  |       |     1 |       |       ||     1
       Smiting           |       |       |       |     4 ||     4
       Recall Orcish Fol |       |       |       |     4 ||     4
Evoke: Wand              |       |       |       |     8 ||     8
  Use: Potion            |       |       |     1 |     8 ||     9
       Scroll            |       |       |    11 |     9 ||    20
 Stab: Sleeping          |     1 |       |     1 |       ||     2
       Invisible         |       |       |       |     2 ||     2
Armor: Robe              |    12 |       |       |       ||    12
       Ring mail         |     5 |    45 |    33 |       ||    83
       Leather armour    |     1 |       |       |       ||     1
       Crystal plate arm |       |    10 |   167 |    23 ||   200
       Scale mail        |       |       |    72 |    70 ||   142
Dodge: Dodged            |    54 |    87 |   166 |   104 ||   411
